 Dungeon Crawl Stone Soup version 0.20-a0-2-g2b0e13a (webtiles) character file.

6554 CitizenSnips the Basher (level 11, -10/71 HPs)
             Began as a Gargoyle Berserker on Oct 29, 2016.
             Was a High Priest of Trog.
             Mangled by a large slime creature (24 damage)
             ... on level 9 of the Dungeon.
             The game lasted 00:22:41 (10218 turns).

CitizenSnips the Basher (Gargoyle Berserker)       Turns: 10218, Time: 00:22:42

Health: -10/71     AC: 22    Str: 21    XL:     11   Next: 1%
Magic:  20/20      EV: 11    Int:  8    God:    Trog [*****.]
Gold:   428        SH:  0    Dex: 12    Spells: 0 memorised, 10 levels left

rFire  . . .     SeeInvis .     N - +0 whip (elec)
rCold  . . .     Gourm    .     r - +2 ring mail {rN+}
rNeg   + + .     Faith    .     (no shield)
rPois  ∞         Spirit   .     C - +2 helmet
rElec  +         Reflect  .     w - +0 cloak
rCorr  .         Harm     .     (no gloves)
MR     .....                    Q - +0 pair of boots
Stlth  +.........               (no amulet)
                                L - ring of poison resistance (curse)
                                H - ring of magical power

@: no status effects
A: negative energy resistance 1, electricity resistance, unbreathing,
petrification resistance, rot immunity, AC +7
a: Berserk, Trog's Hand, Brothers in Arms, Burn Spellbooks, Renounce Religion


You were on level 9 of the Dungeon.
You worshipped Trog.
Trog was extremely pleased with you.
You were very hungry.

You visited 1 branch of the dungeon, and saw 9 of its levels.

You collected 428 gold pieces.

Inventory:

Hand Weapons
 x - a +2 mace of holy wrath
 N - a +0 whip of electrocution (weapon)
Missiles
 b - 2 tomahawks
 f - 175 stones (quivered)
 k - 66 arrows
 p - 96 sling bullets
 y - 56 poisoned needles
 Y - 25 bolts
Armour
 r - a +2 ring mail of positive energy (worn)
 w - a +0 cloak (worn)
 C - a +2 helmet (worn)
 E - a +0 buckler
 Q - a +0 pair of boots (worn)
Jewellery
 H - a ring of magical power (left hand)
 L - a cursed ring of poison resistance (right hand)
 W - a +1 ring of slaying {unknown}
 X - a cursed ring of teleportation {unknown}
Wands
 a - a wand of lightning (11/15)
 n - a wand of random effects (11/48)
 J - a wand of flame (16/48)
 M - a wand of acid (6/15)
 O - a wand of polymorph (6/24)
 P - a wand of digging (10/24)
Scrolls
 d - 2 scrolls of magic mapping {unknown}
 e - 3 scrolls of enchant armour {unknown}
 g - 2 scrolls of noise {unknown}
 h - 11 scrolls of identify {unknown}
 i - 5 scrolls of remove curse {unknown}
 l - a scroll of fog {unknown}
 t - a scroll of random uselessness {unknown}
 z - 5 scrolls of teleportation {unknown}
 I - 3 scrolls of amnesia {unknown}
 R - 2 scrolls of blinking {unknown}
 S - 2 scrolls of recharging {unknown}
 T - a scroll of fear {unknown}
 Z - a scroll of immolation {unknown}
Potions
 m - 2 potions of might {unknown}
 o - 2 potions of ambrosia {unknown}
 q - a potion of flight {unknown}
 u - a potion of heal wounds {unknown}
 A - 2 potions of degeneration {unknown}
 B - a potion of curing {unknown}
 G - a potion of berserk rage {unknown}
 K - a potion of haste {unknown}
Comestibles
 c - 11 bread rations
 j - 6 meat rations
 D - 2 beef jerkies
 F - 4 fruits


   Skills:
 + Level 9.5 Fighting
 - Level 12.0 Maces & Flails
 + Level 9.1 Armour
 - Level 1.5 Dodging


You had 10 spell levels left.
You didn't know any spells.

Dungeon Overview and Level Annotations

Branches:
Dungeon (9/15)             Temple (0/1) D:5
   Lair: D:8-11         Orc: D:9-12

Altars:
Qazlal
Ru
Sif Muna
Xom
Zin
The Shining One

Shops:
D:5 [}!*(


Innate Abilities, Weirdness & Mutations

You are resistant to torment.
Your stone body is resilient. (AC +7)
You are immune to poison.
You resist negative energy. (rN+)
You are resistant to electric shocks. (rElec)
You can survive without breathing.
You are immune to petrification.
You are immune to rotting.


Message History

You hit the large slime creature.
There is a sudden explosion of sparks!
The large slime creature is moderately wounded.
A slime creature comes into view.
You hit the large slime creature.
There is a sudden explosion of sparks!
The large slime creature is moderately wounded.
The large slime creature hits you but does no damage.
You whack the large slime creature!
The large slime creature is heavily wounded.
You hit the large slime creature.
The large slime creature is heavily wounded.
The large slime creature hits you!!
* * * LOW HITPOINT WARNING * * *
A jackal comes into view.
The jackal barks!
You hit the large slime creature.
The large slime creature is heavily wounded.
A jackal comes into view.
A slime creature comes into view.
The large slime creature hits you!!
You die...

##.##....####.........#
#.##.#.## ##.......##
#.##...# ##.....##
#.....## ##...##
###.### ##'## #.# #.#
#.# #####.## #.#
#......# #.#
####.##@..## #.#
#.......J..# # #.#
#.##.#...J######...h
#.# #.......h..hJ....
.........##########
#.........# ####.###..#
#. ...# ## ##.##


You could see a large slime creature, a slime creature and a jackal.

Vanquished Creatures
  The ghost of WeeknightWizard the Cleaver, a novice MiBe of Trog (D:8)
  Pikel (D:5)
  Grinder (D:5)
  Prince Ribbit (D:5)
  A hornet (D:7)
  A hippogriff (D:8)
  A spriggan (D:7)
  Eustachio (D:4)
  A hungry ghost (D:9)
  Edmund (D:5)
  Duvessa (D:6)
  The ghost of HunfridMar the Cudgeler, an amateur OgBe of Trog (D:3)
  A black bear (D:7)
  An ice beast (D:8)
  An orc warrior (D:7)
  A slave (D:5)
  9 ogres
  A necrophage (D:8)
  3 sky beasts
  2 phantoms
  5 bullfrogs
  A wyvern zombie (D:7)
  Dowan (D:6)
  A wyvern skeleton (D:7)
  5 scorpions
  12 wights
  2 howler monkeys (D:7)
  4 crimson imps
  2 hounds
  A quasit (D:8)
  4 orc priests
  9 orc wizards
  A centaur skeleton (D:7)
  2 jellies
  2 iguanas
  5 worker ants
  2 killer bee zombies (D:8)
  2 hound zombies (D:7)
  4 gnolls (D:8)
  5 adders
  A shadow imp (D:7)
  4 worms
  2 dart slugs
  6 leopard geckos
  21 orcs
  3 ball pythons
  8 bats
  4 giant cockroaches
  10 goblins
  8 hobgoblins
  17 jackals
  6 kobolds
  7 quokkas
  3 frilled lizards
  3 jackal zombies
  12 rats
216 creatures vanquished.

Vanquished Creatures (others)
  An orc (D:5)
1 creature vanquished.

Grand Total: 217 creatures vanquished

Notes
Turn   | Place    | Note
-------+----------+-------------------------------------------
     0 | D:1      | CitizenSnips the Gargoyle Berserker began the quest for the Orb.
     0 | D:1      | Reached XP level 1. HP: 14/14 MP: 1/1
   298 | D:1      | Reached XP level 2. HP: 19/19 MP: 2/2
   602 | D:1      | Reached skill level 4 in Maces & Flails
   730 | D:1      | Reached ** piety under Trog
   730 | D:1      | Reached XP level 3. HP: 23/23 MP: 3/3
  1760 | D:3      | Noticed HunfridMar's ghost (amateur OgBe)
  1772 | D:3      | Killed HunfridMar's ghost
  1772 | D:3      | Reached skill level 5 in Maces & Flails
  1772 | D:3      | Reached XP level 4. HP: 2/28 MP: 4/4
  1772 | D:3      | Reached XP level 5. HP: 3/32 MP: 5/5
  2204 | D:3      | Reached skill level 6 in Maces & Flails
  2735 | D:3      | Reached XP level 6. HP: 34/37 MP: 6/6
  2756 | D:3      | Found a stormy altar of Qazlal.
  2872 | D:3      | Reached *** piety under Trog
  2928 | D:3      | Found a glowing golden altar of the Shining One.
  3274 | D:4      | Noticed Eustachio
  3330 | D:4      | Killed Eustachio
  3330 | D:4      | Reached skill level 7 in Maces & Flails
  3514 | D:4      | Reached XP level 7. HP: 40/41 MP: 7/7
  3579 | D:4      | Reached skill level 8 in Maces & Flails
  4356 | D:5      | Entered Level 5 of the Dungeon
  4567 | D:5      | Found Wuzycir's Antique Weapon Shop.
  4595 | D:5      | Found a glowing silver altar of Zin.
  4697 | D:5      | Reached **** piety under Trog
  4697 | D:5      | Reached XP level 8. HP: 48/48 MP: 8/8
  4719 | D:5      | Found a staircase to the Ecumenical Temple.
  4720 | D:5      | Found a glowing golden altar of the Shining One.
  4744 | D:5      | Reached skill level 9 in Maces & Flails
  4776 | D:5      | Found Feorrem's Antique Armour Shop.
  4779 | D:5      | Noticed Prince Ribbit
  4794 | D:5      | Killed Prince Ribbit
  4832 | D:5      | Found Zial's Gadget Boutique.
  5167 | D:5      | Noticed Grinder
  5173 | D:5      | Paralysed by Grinder for 5 turns
  5179 | D:5      | Killed Grinder
  5179 | D:5      | Reached skill level 5 in Fighting
  5240 | D:5      | Found Keocoh's Distillery.
  5322 | D:5      | Found a deep blue altar of Sif Muna.
  5341 | D:5      | Noticed Pikel
  5353 | D:5      | Killed Pikel
  5353 | D:5      | Reached skill level 10 in Maces & Flails
  5353 | D:5      | Reached skill level 5 in Armour
  5353 | D:5      | Reached XP level 9. HP: 21/55 MP: 9/9
  5711 | D:5      | Found a shimmering altar of Xom.
  5824 | D:5      | Noticed Edmund
  5840 | D:5      | Killed Edmund
  5881 | D:5      | Found Heacsurph's Assorted Antiques.
  6117 | D:6      | Noticed Duvessa
  6119 | D:6      | Noticed Dowan
  6128 | D:6      | Killed Duvessa
  6136 | D:6      | Killed Dowan
  6556 | D:6      | Reached skill level 11 in Maces & Flails
  7494 | D:6      | Reached XP level 10. HP: 57/61 MP: 10/10
  7568 | D:7      | Found a glowing silver altar of Zin.
  8092 | D:7      | Reached ***** piety under Trog
  8552 | D:8      | Reached skill level 12 in Maces & Flails
  9248 | D:8      | Noticed WeeknightWizard's ghost (novice MiBe)
  9266 | D:8      | Killed WeeknightWizard's ghost
  9984 | D:9      | Found a sacrificial altar of Ru.
 10040 | D:9      | Reached XP level 11. HP: 49/71 MP: 11/11
 10218 | D:9      | Mangled by a large slime creature

Vault maps used:
D:1:      zelgadis_glass_arrival_small
D:3:      lemuel_round_altar, nrook_mini_backslash, tso_metal_star
D:4:      first_bread, uniq_eustachio
D:5:      lemuel_blue_sif_altar, lemuel_crystal_altar, serial_shops, shop, shop,
          kennysheep_mini_moat, shop, shop, basic_altar, minmay_holes,
          xom_confusion_cloud, uniq_prince_ribbit1, uniq_pikel, uniq_edmund,
          uniq_grinder
D:6:      minmay_tree_intersection, uniq_duvessa
D:7:      overflow_temple_1_default, the_bakery
D:8:      minmay_misc_feat_doors
D:9:      lemuel_crystal_altar, hangedman_ru_absence

Skill      XL: |  1  2  3  4  5  6  7  8  9 10 |
---------------+-------------------------------+-----
Maces & Flails | 4 5 6 7 8 10 11 12 | 12.0
Armour         | 3 5 6 9 |  9.1
Fighting       | 4 5 6 9 |  9.5
Dodging        | |  1.5

Action                   |  1- 3 |  4- 6 |  7- 9 | 10-12 || total
-------------------------+-------+-------+-------+-------++-------
Melee: Mace              |   122 |   201 |   191 |       ||   514
       Whip              |       |       |   171 |   359 ||   530
Invok: Berserk           |     1 |     2 |     2 |     3 ||     8
 Stab: Sleeping          |     1 |       |       |       ||     1
  Eat: Chunk             |     3 |     7 |    11 |    13 ||    34
       Pizza             |       |       |     1 |     1 ||     2
       Beef jerky        |       |       |     1 |       ||     1
Armor: Animal skin       |    38 |       |       |       ||    38
       Ring mail         |     5 |   107 |   119 |   101 ||   332
Dodge: Dodged            |    63 |   134 |   114 |   103 ||   414
